 Dungeon Crawl Stone Soup version 0.18.1-48-g4cf74bf (webtiles) character file.

240 Gargoyl the Skirmisher (level 5, -2/42 HPs)
             Began as a Demonspawn Abyssal Knight on June 28, 2016.
             Was a Believer of Lugonu.
             Slain by an ogre
             ... wielding a +0 giant club
              (13 damage)
             ... on level 4 of the Dungeon.
             The game lasted 00:08:02 (3280 turns).

Gargoyl the Skirmisher (Demonspawn Abyssal Knight)  Turns: 3280, Time: 00:08:03

Health: -2/42      AC: 11    Str: 11    XL:     5   Next: 79%
Magic:  7/7        EV: 14    Int: 15    God:    Lugonu [**....]
Gold:   191        SH:  0    Dex: 18    Spells: 0 memorised, 4 levels left

rFire  + . .     SeeInvis .     a - +1 hand axe
rCold  . . .     Gourm    .     h - +2 scale mail {MR+}
rNeg   . . .     Faith    .     (no shield)
rPois  .         Spirit   .     (helmet restricted)
rElec  .         Dismiss  .     b - +1 cloak
rCorr  .         Reflect  .     (no gloves)
SustAt .         Harm     .     (no boots)
MR     +....                    (no amulet)
Stlth  +.........               (no ring)
                                j - +2 ring of intelligence

@: agile, somewhat resistant to hostile enchantments, very unstealthy
A: antennae 1, fire resistance 1, screaming 1, weak 1
a: Depart the Abyss, Bend Space, Renounce Religion


You were on level 4 of the Dungeon.
You worshipped Lugonu.
Lugonu was pleased with you.
You were very hungry.

You visited 1 branch of the dungeon, and saw 4 of its levels.
You visited the Abyss 1 time.

You collected 191 gold pieces.

Inventory:

Hand Weapons
 a - a +1 hand axe (weapon)
Armour
 b - a +1 cloak (worn)
 h - a +2 scale mail of magic resistance (worn)
Jewellery
 j - a +2 ring of intelligence (left hand)
 q - a cursed amulet of inaccuracy {unknown}
Scrolls
 i - 2 scrolls of immolation {unknown}
 k - a scroll of blinking {unknown}
 l - 2 scrolls of identify {unknown}
 m - a scroll of teleportation {unknown}
 o - a scroll of fear {unknown}
 p - 2 scrolls of noise {unknown}
Potions
 f - a potion of haste {unknown}
 g - a potion of degeneration {unknown}
 r - a potion of ambrosia {unknown}
 t - a potion of invisibility {unknown}
Comestibles
 c - 5 bread rations
 d - 2 meat rations
 n - a slice of pizza


   Skills:
 + Level 4.0 Fighting
 + Level 2.6 Axes
 * Level 3.7 Armour
 + Level 2.2 Dodging
 + Level 0.4 Stealth
 + Level 2.7 Invocations


You had 4 spell levels left.
You didn't know any spells.

Dungeon Overview and Level Annotations

Branches:
Dungeon (4/15)
 Temple: D:4-7

Altars:
Makhleb
Nemelex Xobeh

Annotations:
D:3 krepi's ghost, weakling MiFi


Innate Abilities, Weirdness & Mutations

You have a pair of small antennae on your head.
Your flesh is heat resistant.
You occasionally shout uncontrollably at your foes.
You are weak. (Str -2)


Message History

The ogre hits you with a giant club!!
Ouch! That really hurt!
* * * LOW HITPOINT WARNING * * *
The orc wizard points at you and mumbles some strange words.
The magic dart hits you!
The orc wizard hits you but does no damage.
Drink which item? (? for menu, Esc to quit)
Okay, then.
Okay, then.
Drink which item? (? for menu, Esc to quit)
It was a potion of curing.
You feel better. The orc wizard closely misses you. The ogre barely misses you.
The orc wizard barely misses you.
A worker ant comes into view.
The worker ant twitches its antennae in your direction.
The orc wizard gestures at you while chanting.
The magic dart hits you!
The orc wizard casts a spell.
The orc wizard blinks!
You open the door. The ogre hits you with a giant club!
You die...

.###### .#....
... .##
{##'##..# #
##.o.##.# .#
#..#..#.##.#
#.#!#§#....#
#§'..#O@'....#
#o#.#.#.#.##.#
#..#..#o.#.##.#
#. ##.a.##..#.#
##...##'##.....#
...........#.#.#
..######.......#
####...##.###
+.......#.#


You could see an ogre, a worker ant, an orc priest and an orc wizard.

Vanquished Creatures
  A hound (D:2)
  Natasha (twice) (D:2)
  Terence (D:2)
  Ijyb (D:2)
  Robin (D:2)
  2 adders (D:2)
  An ooze (D:4)
  A giant gecko (D:4)
  A ball python (D:3)
  4 giant cockroaches
  14 goblins
  20 hobgoblins
  6 jackals
  4 bats
  5 giant newts
  7 kobolds
  7 rats
78 creatures vanquished.

Notes
Turn   | Place    | Note
--------------------------------------------------------------
     0 | Abyss:1  | Gargoyl the Demonspawn Abyssal Knight began the quest for the Orb.
     0 | Abyss:1  | Reached XP level 1. HP: 18/18 MP: 2/2
    78 | Abyss:1  | Noticed a neqoxec
    78 | Abyss:1  | Gained mutation: You are weak. (Str -2) [a neqoxec]
    79 | Abyss:1  | Noticed a smoke demon
    79 | Abyss:1  | Gained mutation: You occasionally shout uncontrollably at your foes. [a neqoxec]
    86 | Abyss:1  | Noticed a demonic crawler
   146 | Abyss:2  | Noticed a small abomination
   175 | Abyss:2  | Noticed a shining eye
   189 | D:1      | Escaped the Abyss
   497 | D:1      | Gained mutation: You have a pair of small antennae on your head. [demonic ancestry]
   497 | D:1      | Reached XP level 2. HP: 24/24 MP: 3/3
   609 | D:1      | Reached * piety under Lugonu
   893 | D:1      | Reached skill level 1 in Dodging
   896 | D:1      | Gained mutation: Your flesh is heat resistant. [demonic ancestry]
   896 | D:1      | Reached XP level 3. HP: 24/29 MP: 4/4
  1208 | D:2      | Noticed Ijyb
  1224 | D:2      | Killed Ijyb
  1224 | D:2      | Reached XP level 4. HP: 22/36 MP: 6/6
  1356 | D:2      | Found a sparkling altar of Nemelex Xobeh.
  1384 | D:2      | Noticed Robin
  1396 | D:2      | Reached ** piety under Lugonu
  1421 | D:2      | Killed Robin
  1708 | D:2      | Noticed Natasha
  1722 | D:2      | Killed Natasha
  1907 | D:2      | Noticed Terence
  1922 | D:2      | Reached XP level 5. HP: 42/42 MP: 7/7
  1961 | D:2      | Killed Terence
  2015 | D:2      | Noticed Natasha
  2026 | D:2      | Killed Natasha
  2026 | D:2      | Reached skill level 4 in Fighting
  2433 | D:2      | Found a burning altar of Makhleb.
  2737 | D:3      | Noticed krepi's ghost (weakling MiFi)
  2754 | D:3      | HP: 2/42 [krepi's ghost (10)]
  3268 | D:4      | Noticed an ogre
  3280 | D:4      | Slain by an ogre

Skill      XL: |  1  2  3  4  5 |
---------------+----------------+-----
Armour         | 2 3 |  3.7
Axes           | 2 |  2.6
Dodging        | 1 2 |  2.2
Fighting       | 4 |  4.0
Stealth        | |  0.4
Invocations    | |  2.7

Action                   |  1- 3 |  4- 6 || total
-------------------------+-------+-------++-------
Melee: Hand axe          |    96 |   207 ||   303
Invok: Depart the Abyss  |     1 |       ||     1
  Use: Scroll            |     2 |       ||     2
       Potion            |       |     2 ||     2
  Eat: Chunk             |     1 |     6 ||     7
Armor: Scale mail        |    65 |   134 ||   199
Dodge: Dodged            |    52 |   110 ||   162
